 Dungeon Crawl Stone Soup version 0.30-a0-719-gcc4359ea44 (webtiles) character file.

Game seed: 13154610236027616946

374678 browni3141 the Fetichist (level 22, -3/180 HPs)
             Began as a Mummy Cinder Acolyte on Jan 26, 2023.
             Was a Follower of Ignis.
             Slain by a flying skull (6 damage)
             ... on level 1 of the Tomb of the Ancients.
             The game lasted 02:06:33 (48840 turns).

browni3141 the Fetichist (Mummy Cinder Acolyte)    Turns: 48840, Time: 02:06:33

Health: -3/180     AC: 46    Str: 31    XL:     22   Next: 7%
Magic:  25/25      EV: 11    Int: 18    God:    Ignis [*.....]
Gold:   1938       SH: 16    Dex:  9    Spells: 24/25 levels left

rFire   + + .      SeeInvis +    b - +9 eveningstar (heavy)
rCold   + + .      Faith    +    B - +0 tower shield
rNeg    + + +      Spirit   .    v - +8 crystal plate armour
rPois   ∞          Reflect  .    T - -2 hat of the Alchemist {rElec rPois rF+ rC+ rN+ Will+ rMut rCorr}
rElec   +          Harm     .    U - +0 cloak
rCorr   +          Rampage  .    Y - +2 pair of gloves "Kite" {+Inv}
rMut    +                        r - +1 pair of boots
Will    +++..                    L - amulet of regeneration Stlth
                                 e - ring "Giar" {rF+ rN+ Int+4 Dex+2 SInv}
HPRegen 1.30/turn                A - ring of Okiuqaar {EV+5 Str+3}
MPRegen 0.19/turn

@: fiery-armoured, slowed, studying Necromancy, very slow
A: cold resistance 1, negative energy resistance 3, torment resistance 2, heat
vulnerability 1, in touch with death 2, no potions, faith
}: 1/15 runes: gossamer
a: Renounce Religion, Evoke Invisibility, Fiery Armour, Foxfire Swarm, Rising
Flame


You were on level 1 of the Tomb of the Ancients.
You worshipped Ignis.
Ignis was aware of your devotion.
You visited 11 branches of the dungeon, and saw 43 of its levels.
You also visited: Sewer and Ice Cave.

You collected 4383 gold pieces.
You spent 2445 gold pieces at shops.

Inventory:

Hand Weapons
 a - the +7 sceptre of Torment {pain, torment}
   (You took it off a deep elf death mage on level 3 of the Crypt)
 b - a +9 heavy eveningstar (weapon)
 X - the +6 shillelagh "Devastator" {shatter}
   (You found it on level 2 of the Dungeon)
Missiles
 c - 2 atropa-tipped darts (quivered)
 g - 35 javelins
 u - 3 curare-tipped darts
 K - a throwing net
Armour
 r - a +1 pair of boots (worn)
 v - a +8 crystal plate armour (worn)
 B - a +0 tower shield (worn)
 R - a +0 hat of willpower
 T - the -2 hat of the Alchemist (worn) {rElec rPois rF+ rC+ rN+ Will+ rMut rCorr}
   (You bought it in a shop on level 1 of the Dungeon)

   rF:        It protects you from fire.
   rC:        It protects you from cold.
   rElec:     It insulates you from electricity.
   rPois:     It protects you from poison.
   rN:        It protects you from negative energy.
   rCorr:     It protects you from acid and corrosion.
   rMut:      It protects you from mutation.
   Will:      It increases your willpower.
 U - a +0 cloak (worn)
 Y - the +2 pair of gloves "Kite" (worn) {+Inv}
   (You found it on level 2 of the Spider Nest)

   +Inv:      It lets you turn invisible.
Jewellery
 d - a ring of willpower
 e - the ring "Giar" (left hand) {rF+ rN+ Int+4 Dex+2 SInv}
   (You took it off a skeletal warrior on level 3 of the Crypt)

   [ring of positive energy]

   Int:       It affects your intelligence (+4).
   Dex:       It affects your dexterity (+2).
   rF:        It protects you from fire.
   rN:        It protects you from negative energy.
   SInv:      It lets you see invisible.
 o - the amulet "Pysaecw" {RegenMP rC+ rCorr}
   (You found it on level 1 of the Orcish Mines)

   [amulet of magic regeneration]

   It increases your rate of magic regeneration.
   rC:        It protects you from cold.
   rCorr:     It protects you from acid and corrosion.
 s - an amulet of the acrobat
 t - a ring of magical power
 w - a +4 ring of slaying
 A - the ring of Okiuqaar (right hand) {EV+5 Str+3}
   (You acquired it on level 5 of the Lair of Beasts)

   [ring of evasion]

   EV:        It affects your evasion (+5).
   Str:       It affects your strength (+3).
 C - a +6 ring of dexterity
 H - the amulet "Apett" {Faith Contam Str+5 Dex+2}
   (You found it on level 1 of the Spider Nest)

   [amulet of faith]

   It allows you to gain divine favour quickly.
   Str:       It affects your strength (+5).
   Dex:       It affects your dexterity (+2).
   Contam:    It causes magical contamination when unequipped.
 J - a ring of resist corrosion
 L - an amulet of regeneration (around neck)
 M - the ring "Hasiy" {Ice Will+ Stlth+}
   (You took it off Josephina on level 3 of the Crypt)

   [ring of ice]

   It enhances your ice magic.
   rF:        It makes you vulnerable to fire.
   rC:        It protects you from cold.
   Will:      It increases your willpower.
   Stlth:     It makes you more stealthy.
 O - an amulet of reflection
 Q - a ring of flight
 S - a ring of protection from cold
Wands
 l - a wand of paralysis (15)
 p - a wand of digging (25)
 y - a wand of light (4)
 D - a wand of flame (55)
 F - a wand of iceblast (12)
 V - a wand of polymorph (7)
 Z - a wand of mindburst (21)
Scrolls
 f - a scroll of butterflies
 h - 2 scrolls of silence
 i - 6 scrolls of teleportation
 j - 9 scrolls of amnesia
 k - 8 scrolls of fear
 m - 5 scrolls of magic mapping
 n - 3 scrolls of noise
 q - 7 scrolls of immolation
 x - a scroll of blinking
 z - 3 scrolls of poison
 E - 5 scrolls of fog
 P - 3 scrolls of vulnerability
 W - 10 scrolls of identify
Miscellaneous
 G - a phial of floods
 I - a condenser vane (inert)
 N - a lightning rod (4/4)


   Skills:
 + Level 16.8 Fighting
 - Level 16.0 Maces & Flails
 - Level 3.2 Polearms
 * Level 4.0 Throwing
 * Level 17.3 Armour
 - Level 7.0 Dodging
 - Level 1.5 Stealth
 * Level 13.0 Shields
 - Level 2.1 Spellcasting
 * Level 4.4 Necromancy
 - Level 2.6 Fire Magic
 + Level 17.7 Evocations


You had 24 spell levels left.
You knew the following spells:

 Your Spells              Type           Power      Damage    Failure   Level
a - Kiss of Death         Conj/Necr      88%        2d12      99%         1

Your spell library contained the following spells:

 Spells                   Type           Power      Damage    Failure   Level
 Necrotise                Necr           100%       1d9       85%         1
 Foxfire                  Conj/Fire      24%        2x1d5     99%         1
 Scorch                   Fire           22%        2d6       99%         2
 Vampiric Draining        Necr           40%        2d8       99%         3
 Apportation              Tloc           2%         N/A       100%        1
 Magic Dart               Conj           4%         1d3       100%        1
 Sandblast                Erth           2%         2d4       100%        1
 Slow                     Hex            4%         N/A       100%        1
 Summon Small Mammal      Summ           4%         N/A       100%        1
 Blink                    Tloc           2%         N/A       100%        2
 Call Imp                 Summ           1%         N/A       100%        2
 Lesser Beckoning         Tloc           2%         N/A       100%        2
 Momentum Strike          Conj/Tloc      2%         3d8       100%        2
 Passwall                 Tmut/Erth      0%         N/A       100%        2
 Searing Ray              Conj           2%         2d4       100%        2
 Call Canine Familiar     Summ           1%         N/A       100%        3
 Confusing Touch          Hex            1%         N/A       100%        3
 Hailstorm                Conj/Ice       1%         3d3       100%        3
 Kindle Blastsparks       Fire/Tloc/Air  10%        2d10      100%        3
 Mephitic Cloud           Conj/Pois/Air  1%         N/A       100%        3
 Ozocubu's Armour         Ice            1%         N/A       100%        3
 Stone Arrow              Conj/Erth      2%         3d7       100%        3
 Summon Guardian Golem    Hex/Summ       1%         N/A       100%        3
 Tukima's Dance           Hex            1%         N/A       100%        3
 Animate Armour           Summ/Erth      2%         N/A       100%        4
 Cause Fear               Hex            0%         N/A       100%        4
 Dispel Undead            Necr           40%        3d16      100%        4
 Fulminant Prism          Conj/Hex       0%         3d5       100%        4
 Iskenderun's Mystic Bla  Conj/Tloc      1%         2d3       100%        4
 Manifold Assault         Tloc           1%         N/A       100%        4
 Passage of Golubria      Tloc           1%         N/A       100%        4
 Petrify                  Tmut/Erth      1%         N/A       100%        4
 Sticky Flame             Conj/Fire      6%         2d3       100%        4
 Fireball                 Conj/Fire      3%         3d4       100%        5
 Lee's Rapid Deconstruct  Erth           0%         3d4*      100%        5
 Lightning Bolt           Conj/Air       0%         1d11      100%        5
 Yara's Violent Unravell  Hex/Tmut       0%         3d3       100%        5
 Dispersal                Tloc           0%         N/A       100%        6
 Iron Shot                Conj/Erth      0%         9d1       100%        6
 Simulacrum               Ice/Necr       11%        N/A       100%        6
 Starburst                Conj/Fire      3%         6d3       100%        6
 Enfeeble                 Hex            0%         N/A       100%        7
 Ozocubu's Refrigeration  Ice            0%         4d7       100%        7
 Spellforged Servitor     Conj/Summ      0%         N/A       100%        7
 Chain Lightning          Conj/Air       0%         2d1       100%        9
 Dragon's Call            Summ           0%         N/A       100%        9
 Fire Storm               Conj/Fire      3%         8d1       100%        9
 Shatter                  Erth           0%         3d5*      100%        9
 Ice Form                 Ice/Tmut       Unusable   N/A       N/A         4
 Blade Hands              Tmut           Unusable   N/A       N/A         5
 Dragon Form              Tmut           Unusable   N/A       N/A         7

Dungeon Overview and Level Annotations

Branches:
Dungeon (15/15)            Temple (0/1) D:6            Lair (5/5) D:10
  Swamp (4/4) Lair:2       Spider (4/4) Lair:3        Slime (1/5) Lair:4
    Orc (2/2) D:9             Elf (3/3) Orc:2        Vaults (4/5) D:14
  Crypt (3/3) Vaults:3       Tomb (1/3) Crypt:3      Depths (1/4) D:15
  Sewer (visited)           IceCv (visited)

Altars:
Hepliaklqana
Kikubaaqudgha
Nemelex Xobeh
Wu Jian
Yredelemnul
Jiyva

Shops:
D:1 (*[   D:5 :   D:6 [   D:7 *   D:9 :   D:10 :*[(   D:13 [   Orc:1 !
Orc:2 (=[*   Elf:1 [=   Vaults:2 !?(   Depths:1 (

Portals:
Bazaar: Vaults:4

Annotations:
Swamp:4 Lernaean hydra
Elf:3 3 runed translucent doors, exclusions: 3 doors and 1 more exclusion, flotson's ghost, adept DsDe
Vaults:1 36 runed doors
Vaults:3 exclusion: door, Mennas
Crypt:3 exclusion: 3 doors, Vv


Innate Abilities, Weirdness & Mutations

You are immune to poison.
Your flesh is cold resistant. (rC+)
You are immune to negative energy. (rN+++)
You are immune to unholy pain and torment.
You are vulnerable to heat. (rF-)
You are strongly in touch with the powers of death.
You do not drink.
You have a special connection with the divine. (Faith)


Message History

The phantasmal warrior is lightly damaged.
The flying skull hits you but does no damage.
The flying skull misses you.
The phantasmal warrior hits you but does no damage.
The flying skull completely misses you.
Press: ? - help, v - describe, . - travel
Here: a phantasmal warrior (lightly damaged, summoned)
The floor.
Unknown command.
Unknown command.
Unknown command.
Okay, then.
Unknown command.
Okay, then.
Unknown command.
Unknown command.
Aiming: Bolt of Light
Press: ? - help, Shift-Dir - straight line, f - mummy priest
Aim: a mummy priest (87% to hit)
The bolt of light hits the jiangshi!
The jiangshi is heavily damaged.
The jiangshi is blinded.
The bolt of light hits the mummy priest!
The mummy priest is moderately damaged.
The mummy priest is blinded.
The jiangshi barely misses you. The jiangshi claws you!
* * * LOW HITPOINT WARNING * * *
You block the flying skull's attack. The flying skull barely misses you.
The jiangshi completely misses you.
The jiangshi claws you but does no damage.
The jiangshi is burned by your cloak of flames.
The jiangshi is heavily damaged.
The mummy priest mumbles some strange prayers to its god against you.
Something smites you!
* * * LOW HITPOINT WARNING * * *
The phantasmal warrior hits you but does no damage.
The phantasmal warrior is burned by your cloak of flames.
The phantasmal warrior is lightly damaged.
The flying skull hits you.
You die...

#.8...8.# #......W# #.......#
#.8...8z# #.....M4# #......W#
#.8.....# #.....zV# #.....z@#
#.8...8W#
##########.......################
.................................
...........8...8.................
.................................
.................................
.....................÷...........
............⌠.⌠..................


You could see a revenant, a mummy priest (blind), a jiangshi (summoned, blind),
a flayed ghost (summoned), a shadow wraith (summoned, invisible), a phantasmal
warrior (summoned), a hellwing (summoned) and 2 flying skulls.

Vanquished Creatures
  A dread lich (Crypt:3)
  Mara (Vaults:4)
  Josephina (Crypt:3)
  Sojobo (Crypt:3)
  Margery (Vaults:3)
  A curse toe (Crypt:3)
  Nikola (Vaults:1)
  Jory (Vaults:3)
  Arachne (Spider:4)
  A lich (Tomb:1)
  Rupert (D:15)
  Zenata (Vaults:2)
  Asterion (Vaults:2)
  A deep elf blademaster (Elf:2)
  2 acid blobs (Slime:1)
  6 ancient champions
  6 sphinxes
  3 tengu reavers
  Kirke (D:15)
  The ghost of sirJeffrey23 the Axe Maniac, an adept HOFi of Beogh (Spider:2)
  Donald (Elf:1)
  A rockslime (Slime:1)
  A revenant (Crypt:1)
  2 fire giants (Vaults:4)
  5 emperor scorpions
  A frost giant (D:15)
  3 orc warlords
  7 ghost moths
  9 vault wardens
  A deep elf elementalist (Elf:3)
  Aizul (Vaults:2)
  2 ghouls (Crypt:1)
  16 ironbound preservers
  3 war gargoyles
  A quicksilver ooze (Slime:1)
  A broodmother (Spider:1)
  8 very ugly things
  A rockslime zombie (Crypt:2)
  9 ironbound thunderhulks
  A deep elf annihilator (Elf:3)
  Azrael (D:15)
  5 eleionomae
  A deep elf demonologist (Elf:1)
  16 dire elephants
  The ghost of gelatine the Spear-Bearer, a journeyman DsRe of Uskayaw (Spider:1)
  4 bunyips
  4 vampire knights
  2 spark wasps
  5 eidola
  A crystal guardian (Vaults:1)
  Snorg (D:10)
  An ettin (Depths:1)
  7 mummy priests
  4 entropy weavers
  3 deep elf death magi
  17 vault guards
  The ghost of Degu the Fighter, a journeyman DsBe of Trog (Orc:1)
  7 great orbs of eyes
  12 yaktaur captains
  4 jiangshi
  Erolcha (D:12)
  A shambling mangrove (Swamp:4)
  15 hydras
  An ice dragon (Depths:1)
  3 peacekeepers
  3 ghost crabs
  A deep elf high priest (Vaults:3)
  An ogre mage (D:15)
  7 ironbound frosthearts
  6 jorogumos
  5 centaur warriors
  A catoblepas (Lair:2)
  28 dancing weapons
  8 two-headed ogres
  6 boulder beetles
  Urug (Orc:2)
  3 tengu warriors (D:15)
  16 alligators
  2 deep troll earth magi
  A death yak (Lair:2)
  3 orc high priests
  4 vampire magi
  3 soul eaters
  5 hell knights (Vaults:3)
  14 deep elf knights
  Amaemon (Lair:3)
  Nergalle (Lair:2)
  2 pharaoh ants
  16 skeletal warriors
  A sun moth (Spider:3)
  2 goliath frogs
  10 orb spiders
  11 swamp dragons
  4 spriggan druids
  38 deep trolls
  A flayed ghost (Crypt:3)
  3 bog bodies
  7 wizards
  A spriggan simulacrum (Crypt:3)
  6 harpies (Vaults:2)
  4 wolf spider zombies (Spider:3)
  14 deep elf archers
  7 necromancers
  10 lindwurms
  A tengu zombie (Vaults:4)
  10 steelbarb worms
  2 shadow dragon skeletons
  2 phantasmal warriors
  33 deep elf pyromancers
  22 deep elf zephyrmancers
  12 ironbound convokers
  31 ugly things
  3 orc sorcerers (Orc:2)
  8 orc knights
  A golden dragon skeleton (Crypt:2)
  2 will-o-the-wisps
  4 manticores
  19 wolf spiders
  3 cyclopes
  A shining eye (Slime:1)
  A demonic crawler (Spider:4)
  3 moths of wrath (Spider:4)
  An elephant (Lair:3)
  A human skeleton (Tomb:1)
  A fire giant skeleton (Crypt:3)
  12 vault sentinels
  An ice statue (IceCv)
  2 gargoyles
  9 torpor snails
  2 black mambas
  22 cane toads
  An orange demon (Lair:3)
  A centaur zombie (Tomb:1)
  7 rime drakes
  An alligator snapping turtle skeleton (Crypt:2)
  8 komodo dragons
  An elf zombie (Vaults:4)
  2 freezing wraiths (IceCv)
  25 yaktaurs
  3 anaconda simulacra
  14 ice devils (IceCv)
  A golden dragon simulacrum (Crypt:3)
  4 redback zombies (Spider:3)
  An efreet (D:14)
  12 guardian mummies
  2 tengu conjurers (D:15)
  A sea snake skeleton (Crypt:3)
  A black draconian skeleton (Crypt:1)
  17 hornets
  8 tyrant leeches
  28 tarantellas
  3 meliai (Spider:3)
  8 trolls
  11 polar bears
  A moth of wrath zombie (Crypt:2)
  17 blink frogs
  11 culicivora zombies (Spider:3)
  A harpy skeleton (Crypt:2)
  A blink frog (shapeshifter) (D:14)
  A frost giant simulacrum (Vaults:4)
  15 culicivoras
  9 tarantella zombies (Spider:3)
  10 flying skulls
  3 dream sheep (Lair:5)
  19 jumping spiders
  An ettin skeleton (Tomb:1)
  48 slime creatures
  A centaur simulacrum (Crypt:3)
  Sigmund (D:5)
  3 wraiths
  2 shadows
  5 water elementals
  6 wyverns
  An elf simulacrum (Vaults:4)
  7 fire elementals
  An ushabti (Tomb:1)
  26 spriggans
  A black mamba skeleton (Crypt:3)
  2 dire elephant simulacra
  A human (shapeshifter) (Elf:2)
  47 yaks
  An alligator snapping turtle simulacrum (Crypt:3)
  A hog (D:15)
  52 redbacks
  A steam dragon (D:8)
  6 vampire mosquitoes (Swamp:2)
  A wind drake skeleton (Crypt:1)
  5 basilisks
  A faun zombie (Crypt:2)
  5 death yak simulacra (IceCv)
  9 wargs
  2 hydra simulacra (IceCv)
  A fire bat zombie (Crypt:1)
  2 harpy simulacra (IceCv)
  11 swamp worms
  A glowing shapeshifter zombie (Crypt:3)
  2 hell hounds (D:15)
  An acid dragon (D:14)
  4 water moccasins
  Duvessa (D:4)
  9 swamp drakes
  35 orc warriors
  A sky beast (D:8)
  A lindwurm zombie (Crypt:1)
  3 black bears
  3 boggarts (Lair:5)
  21 wolves
  8 ogres
  6 centaurs
  A phantom (D:4)
  2 kobold brigands
  13 bullfrogs
  3 scorpions
  A draconian skeleton (Crypt:1)
  3 earth elementals
  A gnoll sergeant (D:10)
  A two-headed ogre simulacrum (IceCv)
  2 cane toad simulacra (IceCv)
  A cyclops skeleton (Crypt:1)
  12 wights
  Dowan (D:4)
  2 spriggan zombies (Crypt:3)
  A human simulacrum (Vaults:4)
  A polar bear skeleton (Crypt:2)
  2 elephant simulacra (IceCv)
  A troll skeleton (Crypt:3)
  4 electric eels
  2 howler monkeys
  4 hounds
  3 gnoll boudas
  4 jellies
  18 orc priests
  6 hell rats (Lair:1)
  3 iguanas
  20 orc wizards
  A troll simulacrum (IceCv)
  6 polar bear simulacra (IceCv)
  5 wolf simulacra (IceCv)
  A sky beast zombie (Crypt:1)
  4 naga skeletons
  A mummy (Crypt:3)
  13 gnolls
  2 naga simulacra (IceCv)
  A swamp drake zombie (Crypt:2)
  11 adders
  4 river rats
  A steam dragon skeleton (Crypt:1)
  3 shadow imps
  3 white imps
  4 ufetubi
  An adder zombie (Crypt:2)
  4 worms
  5 dart slugs
  81 orcs
  16 ball pythons
  A bat zombie (Crypt:2)
  3 endoplasms
  5 giant cockroaches
  11 goblins
  5 hobgoblins
  4 jackals (Sewer)
  24 kobolds
  3 quokkas
  6 bats
  A dart slug zombie (Crypt:1)
  4 frilled lizards
  A jackal zombie (Crypt:2)
  An orc zombie (Crypt:3)
  8 rats
  A rat zombie (Crypt:2)
1643 creatures vanquished.

Vanquished Creatures (others)
  A ghost moth (Spider:4)
  2 deep elf knights (Elf:1)
  A deep elf archer (Elf:3)
  A spriggan druid (Swamp:4)
  A lindwurm (Vaults:1)
  2 wizards
  A deep elf pyromancer (Elf:2)
  A tyrant leech (Swamp:2)
  A bloated husk (Swamp:4)
  A slime creature (D:15)
  A water elemental (Elf:1)
  2 humans (D:15)
  A quokka (D:4)
  6 foxfires (Swamp:2)
  36 fungi
  112 plants
170 creatures vanquished.

Grand Total: 1813 creatures vanquished

Notes
Turn   | Place    | Note
-------+----------+-------------------------------------------
     0 | D:1      | browni3141 the Mummy Cinder Acolyte began the quest for the
                  | Orb.
     0 | D:1      | Reached XP level 1. HP: 18/18 MP: 2/2
   179 | D:1      | Found Copla's Antique Weapon Boutique.
   264 | D:1      | Reached XP level 2. HP: 24/24 MP: 4/4
   460 | D:1      | Found Raivvab's Armour Boutique.
   679 | D:1      | Found Qooghoqa's General Store.
   701 | D:1      | Bought a scroll of identify for 22 gold pieces
   889 | D:2      | Gained mutation: You are in touch with the powers of death.
                  | [Mummy growth]
   889 | D:2      | Reached XP level 3. HP: 28/29 MP: 6/6
   991 | D:2      | Found the +6 shillelagh "Devastator" {shatter}
  1595 | D:2      | Reached skill level 1 in Stealth
  1874 | D:3      | Learned a level 1 spell: Kiss of Death
  1890 | D:3      | Reached XP level 4. HP: 22/35 MP: 7/7
  2423 | D:3      | Reached skill level 1 in Necromancy
  2846 | D:4      | Noticed Duvessa
  2847 | D:4      | Noticed Dowan
  2856 | D:4      | Killed Duvessa
  2857 | D:4      | Reached XP level 5. HP: 27/41 MP: 8/8
  2927 | D:4      | Killed Dowan
  2928 | D:4      | Reached XP level 6. HP: 26/47 MP: 9/9
  3016 | D:4      | Found an ornate altar of the Wu Jian Council.
  3574 | D:4      | Reached XP level 7. HP: 46/52 MP: 8/10
  3617 | D:5      | Entered Level 5 of the Dungeon
  3617 | D:5      | Found Agoadwosk's Book Emporium.
  3683 | D:5      | Reached skill level 5 in Maces & Flails
  3878 | D:5      | Found an ancient bone altar of Kikubaaqudgha.
  3945 | D:5      | Noticed Sigmund
  3951 | D:5      | Killed Sigmund
  3990 | D:5      | Found a glowing drain.
  4000 | D:5      | Reached XP level 8. HP: 40/59 MP: 9/11
  4001 | Sewer    | Entered a sewer
  4970 | D:1      | Bought a glowing sling for 90 gold pieces
  5778 | D:6      | Found Gikyzeso's Antique Armour Shoppe.
  5811 | D:6      | Found a staircase to the Ecumenical Temple.
  6402 | D:7      | Found Wuvet's Overcharged Wands.
  6406 | D:7      | Noticed a hornet
  6419 | D:7      | Killed a hornet
  6420 | D:7      | Reached XP level 9. HP: 30/64 MP: 5/12
  6854 | D:8      | Noticed a two-headed ogre
  6898 | D:8      | Reached skill level 1 in Evocations
  7042 | D:8      | Killed a two-headed ogre
  7043 | D:8      | Reached skill level 10 in Maces & Flails
  7749 | D:9      | Reached skill level 5 in Evocations
  7906 | D:9      | Reached XP level 10. HP: 57/70 MP: 9/13
  8040 | D:9      | Noticed a two-headed ogre
  8184 | D:9      | Found a staircase to the Orcish Mines.
  8218 | D:9      | Found Tihommue's Vocational Training.
  8376 | D:9      | Found a sparkling altar of Nemelex Xobeh.
  8394 | D:9      | Noticed a two-headed ogre
  8547 | D:10     | Entered Level 10 of the Dungeon
  8597 | D:10     | Noticed a deep elf pyromancer
  8618 | D:10     | Killed a deep elf pyromancer
  9086 | D:10     | Found a staircase to the Lair.
  9226 | D:10     | Found Cysouff's Antique Weapon Emporium.
  9258 | D:10     | Found Qerphoz's Antique Armour Boutique.
  9272 | D:10     | Noticed Snorg
  9282 | D:10     | HP: 3/70 [Snorg (8)]
  9284 | D:10     | Killed Snorg
  9665 | D:10     | Found Reraeguh's Book Emporium.
  9698 | D:10     | Reached skill level 1 in Armour
  9698 | D:10     | Reached skill level 1 in Dodging
  9698 | D:10     | Reached skill level 1 in Shields
  9705 | D:10     | Reached XP level 11. HP: 34/75 MP: 7/14
 10038 | D:10     | Found Rous's Assorted Antiques.
 11027 | Lair:1   | Entered Level 1 of the Lair of Beasts
 11095 | Lair:1   | Noticed a boulder beetle
 11122 | Lair:1   | Killed a boulder beetle
 11827 | Lair:1   | Got Wuutem's Tractate on Enthralling Elsewhere
 12504 | Lair:2   | Found a staircase to the Swamp.
 12504 | Lair:2   | Noticed Nergalle
 12519 | Lair:2   | Killed Nergalle
 12520 | Lair:2   | Reached XP level 12. HP: 12/82 MP: 15/15
 12768 | Lair:2   | Noticed a death yak
 12989 | Lair:2   | Noticed a catoblepas
 13010 | Lair:2   | HP: 3/82 [yak (4)]
 13016 | Lair:2   | Killed a catoblepas
 13107 | Lair:2   | Reached skill level 5 in Fighting
 13328 | Lair:2   | Killed a death yak
 13496 | Lair:3   | Found a frozen archway.
 13525 | Lair:3   | Noticed a five-headed hydra
 13530 | Lair:3   | Killed a five-headed hydra
 13598 | Lair:3   | Noticed a five-headed hydra
 13603 | Lair:3   | Killed a five-headed hydra
 13669 | IceCv    | Entered an ice cave
 13804 | IceCv    | Reached skill level 5 in Armour
 13804 | IceCv    | Reached skill level 5 in Dodging
 13804 | IceCv    | Reached skill level 5 in Shields
 13963 | IceCv    | Found an ancient bone altar of Kikubaaqudgha.
 13967 | IceCv    | Gained mutation: You are strongly in touch with the powers
                  | of death. [Mummy growth]
 13967 | IceCv    | Reached XP level 13. HP: 81/96 MP: 16/16
 14987 | D:12     | Noticed Erolcha
 14990 | D:12     | Killed Erolcha
 16017 | Lair:3   | Noticed Amaemon
 16031 | Lair:3   | Killed Amaemon
 16077 | Lair:3   | Found a hole to the Spider Nest.
 16374 | Lair:4   | Found a staircase to the Slime Pits.
 16375 | Lair:4   | Found a viscous altar of Jiyva.
 16815 | Lair:4   | Identified the +9 scimitar of Fuocvug {drain, Int+2}
 17207 | Lair:5   | Entered Level 5 of the Lair of Beasts
 17247 | Lair:5   | Reached XP level 14. HP: 62/106 MP: 17/17
 17686 | Lair:5   | Identified a scroll of acquirement
 17812 | Lair:5   | Reached skill level 10 in Fighting
 18423 | Lair:5   | Acquired the ring of Okiuqaar {EV+5 Str+3}
 18753 | D:1      | Bought the -2 hat of the Alchemist {rElec rPois rF+ rC+ rN+
                  | Will+ rMut rCorr} for 566 gold pieces
 18753 | D:1      | Found the -2 hat of the Alchemist {rElec rPois rF+ rC+ rN+
                  | Will+ rMut rCorr}
 18873 | D:6      | Bought an encrusted scale mail for 207 gold pieces
 18873 | D:6      | Identified the +1 scale mail of Lugonu's Scorn {Fly rElec
                  | Str+4 Dex-2} (You bought it in a shop on level 6 of the
                  | Dungeon)
 18990 | Orc:1    | Entered Level 1 of the Orcish Mines
 18997 | Orc:1    | You fall into a shaft and drop 1 floor!
 18997 | Orc:2    | Entered Level 2 of the Orcish Mines
 18997 | Orc:2    | Noticed an orc warlord
 18997 | Orc:2    | Found a staircase to the Elven Halls.
 19023 | Orc:2    | Killed an orc warlord
 19159 | Orc:2    | Noticed Urug
 19163 | Orc:2    | Killed Urug
 19164 | Orc:2    | Found Jicuer's Antique Armour Emporium.
 19426 | Orc:2    | Found Cemics's Antique Weapon Emporium.
 19694 | Orc:2    | Found Ycuq's Jewellery Emporium.
 19795 | Orc:2    | Found Noapnuf's General Store.
 20131 | Orc:1    | Noticed an orc warlord
 20157 | Orc:1    | Found Biblai's Distillery.
 20158 | Orc:1    | Found a runed translucent door.
 20174 | Orc:1    | Reached skill level 10 in Evocations
 20581 | Orc:1    | Killed an orc warlord
 20643 | Orc:1    | Noticed Degu's ghost (journeyman DsBe)
 20675 | Orc:1    | Killed Degu's ghost
 20680 | Orc:1    | Identified the amulet "Pysaecw" {RegenMP rC+ rCorr}
 20772 | Orc:2    | Bought a cloak for 135 gold pieces
 20777 | Orc:2    | Bought a crude scale mail for 270 gold pieces
 20777 | Orc:2    | Identified the +0 scale mail of Qylut {rN++} (You bought it
                  | in a shop on level 2 of the Orcish Mines)
 21996 | D:13     | Found Conoidem's Antique Armour Shop.
 22491 | D:13     | Reached XP level 15. HP: 108/117 MP: 18/18
 22535 | D:13     | You fall into a shaft and drop 2 floors!
 22535 | D:15     | Entered Level 15 of the Dungeon
 22707 | D:14     | Found a hazy altar of Hepliaklqana.
 23177 | D:14     | Found a gate to the Vaults.
 24068 | D:15     | Noticed Azrael
 24068 | D:15     | Noticed Kirke
 24126 | D:15     | Killed Kirke
 24289 | D:15     | Killed Azrael
 24376 | D:15     | Noticed Rupert
 24387 | D:15     | Killed Rupert
 24486 | D:15     | Got Sif Muna's Catalogue of Grounded Displacement
 24750 | D:15     | Found a staircase to the Depths.
 24750 | D:15     | Noticed a frost giant
 24757 | D:15     | Killed a frost giant
 24964 | D:9      | Bought a manual of Evocations for 1040 gold pieces
 25050 | Elf:1    | Entered Level 1 of the Elven Halls
 25068 | Elf:1    | Found Feah's Antique Armour Emporium.
 25068 | Elf:1    | Noticed Donald
 25083 | Elf:1    | Killed Donald
 25465 | Elf:1    | Reached skill level 10 in Armour
 25556 | Elf:1    | Reached XP level 16. HP: 50/129 MP: 19/19
 25691 | Elf:1    | Found Ale Hol's Jewellery Boutique.
 25983 | Elf:1    | Got the Encyclopedia of Gathered Violence
 26292 | Elf:2    | Identified the +1 robe "Wegick" {Dex+3}
 26703 | Elf:2    | Found a runed translucent gate.
 26704 | Elf:2    | Found a runed translucent gate.
 26704 | Elf:2    | Found a runed translucent gate.
 27670 | Elf:2    | Noticed a deep elf blademaster
 27928 | Elf:2    | Killed a deep elf blademaster
 28406 | Elf:3    | Entered Level 3 of the Elven Halls
 28492 | Elf:3    | Reached XP level 17. HP: 137/137 MP: 20/20
 29096 | Elf:3    | Found a runed translucent gate.
 29096 | Elf:3    | Found a runed translucent gate.
 29096 | Elf:3    | Found a runed translucent gate.
 29096 | Elf:3    | Noticed an acid blob
 29097 | Elf:3    | Found a viscous altar of Jiyva.
 29097 | Elf:3    | Noticed flotson's ghost (adept DsDe)
 29097 | Elf:3    | Found the +9 sword of Power {lifebolt}
 29560 | Swamp:1  | Entered Level 1 of the Swamp
 31609 | Swamp:4  | Entered Level 4 of the Swamp
 31861 | Swamp:4  | Reached skill level 15 in Evocations
 32582 | Swamp:4  | Noticed the 27-headed Lernaean hydra
 32880 | D:14     | Acquired a +4 heavy eveningstar
 32986 | Depths:1 | Entered Level 1 of the Depths
 33001 | Depths:1 | Reached XP level 18. HP: 146/146 MP: 21/21
 33044 | Depths:1 | Found Wexkaet's Weapon Shoppe.
 33342 | Slime:1  | Entered Level 1 of the Pits of Slime
 33770 | Spider:1 | Entered Level 1 of the Spider Nest
 33867 | Spider:1 | Identified the +7 chain mail of Theory {Slay+3}
 34424 | Spider:1 | Found a large runed translucent door.
 34429 | Spider:1 | Found a large runed translucent door.
 34431 | Spider:1 | Noticed gelatine's ghost (journeyman DsRe)
 34949 | Spider:1 | Killed gelatine's ghost
 34954 | Spider:1 | Identified the amulet "Apett" {Faith Contam Str+5 Dex+2}
 35447 | Spider:2 | Found a runed translucent gate.
 35447 | Spider:2 | Found a runed translucent gate.
 35449 | Spider:2 | Found a runed translucent gate.
 35449 | Spider:2 | Noticed sirJeffrey23's ghost (adept HOFi)
 35614 | Spider:2 | Killed sirJeffrey23's ghost
 35744 | Spider:2 | Identified the +2 pair of gloves "Kite" {+Inv}
 36316 | Spider:3 | Reached skill level 15 in Maces & Flails
 37186 | Spider:4 | Entered Level 4 of the Spider Nest
 38055 | Spider:4 | Reached XP level 19. HP: 152/152 MP: 22/22
 38427 | Spider:4 | Noticed Arachne
 38460 | Spider:4 | Killed Arachne
 38752 | Spider:4 | Identified the +1 hat of Evolution {*Corrode rF+ Will+
                  | SInv}
 38819 | Spider:4 | Got a gossamer rune of Zot
 39493 | Vaults:1 | Entered Level 1 of the Vaults
 39846 | Vaults:1 | Reached skill level 10 in Shields
 39982 | Vaults:1 | Found a huge runed gate.
 40017 | Vaults:1 | Found a huge runed gate.
 40017 | Vaults:1 | Found a huge runed gate.
 40018 | Vaults:1 | Found a huge runed gate.
 40018 | Vaults:1 | Found a huge runed gate.
 40019 | Vaults:1 | Found a huge runed gate.
 40019 | Vaults:1 | Found a huge runed gate.
 40019 | Vaults:1 | Found a huge runed gate.
 40019 | Vaults:1 | Found a huge runed gate.
 40019 | Vaults:1 | Found a huge runed gate.
 40020 | Vaults:1 | Found a huge runed gate.
 40020 | Vaults:1 | Found a huge runed gate.
 40021 | Vaults:1 | Found a huge runed gate.
 40022 | Vaults:1 | Found a huge runed gate.
 40023 | Vaults:1 | Found a huge runed gate.
 40032 | Vaults:1 | Found a huge runed gate.
 40032 | Vaults:1 | Found a huge runed gate.
 40032 | Vaults:1 | Found a huge runed gate.
 40032 | Vaults:1 | Found a huge runed gate.
 40032 | Vaults:1 | Found a huge runed gate.
 40032 | Vaults:1 | Found a huge runed gate.
 40033 | Vaults:1 | Found a huge runed gate.
 40034 | Vaults:1 | Found a huge runed gate.
 40035 | Vaults:1 | Found a huge runed gate.
 40222 | Vaults:1 | Found a huge runed gate.
 40222 | Vaults:1 | Found a huge runed gate.
 40222 | Vaults:1 | Found a huge runed gate.
 40222 | Vaults:1 | Found a huge runed gate.
 40630 | Vaults:1 | Noticed Nikola
 40654 | Vaults:1 | Killed Nikola
 40655 | Vaults:1 | Reached skill level 15 in Fighting
 40922 | Vaults:1 | Found a huge runed gate.
 40923 | Vaults:1 | Found a huge runed gate.
 40924 | Vaults:1 | Found a huge runed gate.
 40925 | Vaults:1 | Found a huge runed gate.
 40926 | Vaults:1 | Found a huge runed gate.
 40934 | Vaults:1 | Found a huge runed gate.
 40934 | Vaults:1 | Found a huge runed gate.
 40934 | Vaults:1 | Found a huge runed gate.
 41241 | Vaults:2 | Reached skill level 15 in Armour
 41264 | Vaults:2 | Found Umob's Magic Scroll Shoppe.
 41270 | Vaults:2 | Bought a scroll of butterflies for 64 gold pieces
 41293 | Vaults:2 | Noticed Aizul
 41311 | Vaults:2 | Killed Aizul
 41411 | Vaults:2 | Reached XP level 20. HP: 68/162 MP: 23/23
 41564 | Vaults:2 | Found Tudeump's Distillery.
 41919 | Vaults:2 | Noticed Asterion
 41934 | Vaults:2 | Killed Asterion
 42040 | Vaults:2 | Found Zeuqot's Weapon Shop.
 42048 | Vaults:2 | Bought a throwing net for 51 gold pieces
 42615 | Vaults:2 | Noticed Zenata
 42622 | Vaults:2 | Killed Zenata
 42970 | Vaults:3 | Found a staircase to the Crypt.
 42970 | Vaults:3 | Found an ancient bone altar of Kikubaaqudgha.
 42970 | Vaults:3 | Found a basalt altar of Yredelemnul.
 43128 | Vaults:3 | Noticed Jory
 43139 | Vaults:3 | Identified the +0 tower shield of Ennui {rPois rN+ Int+2}
 43139 | Vaults:3 | Noticed Mennas
 43145 | Vaults:3 | Killed Jory
 43243 | Vaults:3 | Noticed Margery
 43410 | Vaults:3 | Killed Margery
 43921 | Vaults:3 | Identified the +7 chain mail of Chill Winds {rF+}
 44935 | Vaults:4 | Reached XP level 21. HP: 114/171 MP: 24/24
 45369 | Vaults:4 | Found a gateway to a bazaar.
 45427 | Vaults:4 | Noticed Mara
 45430 | Vaults:4 | Noticed browni3141's illusion
 45433 | Vaults:4 | Killed Mara
 46007 | Crypt:1  | Entered Level 1 of the Crypt
 46751 | Crypt:2  | Reached skill level 1 in Throwing
 47515 | Crypt:3  | Entered Level 3 of the Crypt
 47636 | Crypt:3  | Noticed Vv
 47747 | Crypt:3  | Noticed Sojobo
 47766 | Crypt:3  | Killed Sojobo
 47918 | Crypt:3  | Noticed a curse toe
 47925 | Crypt:3  | Killed a curse toe
 47963 | Crypt:3  | Identified the ring "Giar" {rF+ rN+ Int+4 Dex+2 SInv}
 47970 | Crypt:3  | Identified the ring "Hasiy" {Ice Will+ Stlth+}
 47970 | Crypt:3  | Noticed Josephina
 47999 | Crypt:3  | Killed Josephina
 48200 | Crypt:3  | Noticed a dread lich
 48217 | Crypt:3  | Killed a dread lich
 48353 | Crypt:3  | Identified the ring of the Well-Known Xenops {Ice rN+ Will+
                  | Dex-2}
 48398 | Crypt:3  | Found a staircase to the Tomb.
 48416 | Tomb:1   | Entered Level 1 of the Tomb of the Ancients
 48555 | Tomb:1   | Reached XP level 22. HP: 163/180 MP: 25/25
 48840 | Tomb:1   | HP: 3/180 [mummy priest/divine providence (13)]
 48840 | Tomb:1   | Slain by a flying skull

Illustrated notes

Levels and vault maps discovered:
D:1:      roderic_crossed_star, layout_basic, serial_shops, shop,
          nicolae_lakefront_shop, shop
D:2:      layout_loops_ring, serial_bayou, serial_bayou_lake_a,
          serial_bayou_pond_c, serial_bayou_pond_e, serial_bayou_lagoon_a,
          grunt_decor_resistance
D:3:      layout_loops_ring, minmay_misc_feat_chi
D:4:      layout_basic, elyvilon_altar_4, nicolae_wu_jian_wuxing_cycle,
          serial_glass, glass_columns_b, glass_columns_a, grunt_ministairs_8,
          uniq_duvessa
D:5:      layout_rooms, nicolae_overflow_crystal_walls, portal_sewer_entry_e,
          serial_shops, shop, st_stairs_1, uniq_sigmund
D:6:      layout_basic, minmay_temple_entry_poolview, serial_shops, shop
D:7:      layout_cave_pools, grunt_decor_fettered,
          nicolae_shop_overcharged_wands
D:8:      layout_loops_cross
D:9:      layout_basic, nemelex_spade_bored_becter, hiddenorc1_lemuel,
          hangedman_decor_peaks_small, nicolae_shop_vocational
D:10:     layout_long_grid, grunt_lair_entry_orc_guard_hut, serial_shops,
          nicolae_take_the_stairs, nicolae_shop_stone, nicolae_lakefront_shop,
          shop, uniq_snorg
D:11:     layout_basic
D:12:     layout_roguey, uniq_erolcha
D:13:     layout_stronghold, serial_shops, shop
D:14:     layout_rooms, erik_vaults_2, nicolae_hepliaklqana_hazy_memory
D:15:     grunt_enter_depths_snipers, layout_basic, uniq_rupert, uniq_kirke,
          uniq_azrael
Lair:1:   layout_layer_cave, serial_bayou_shore_a, infiniplex_staircase_pool
Lair:2:   layout_concentric_octagons, swamp_mist, serial_bayou,
          serial_bayou_pond_a, serial_bayou_pond_d, serial_bayou_pond_e,
          serial_bayou_pond_e, uniq_nergalle
Lair:3:   nzn_winding_woodlands_medium [nzn_winding_woodlands_5x5_checkerboard,
          nzn_winding_woodlands_5x15_sawtooth, nzn_winding_woodlands_hourglass,
          nzn_winding_woodlands_5x5_open_star,
          nzn_winding_woodlands_center_triple_pond,
          nzn_winding_woodlands_5x5_cross, nzn_winding_woodlands_5x5_perimeter,
          nzn_winding_woodlands_5x15_twine, nzn_winding_woodlands_5x5_three],
          layout_misc_corridors, spider_nest_entry_webs, portal_ice_cave_rime,
          minivault_27, infiniplex_staircase_pool_2, uniq_amaemon
Lair:4:   layout_regular_city, nicolae_slime_entry_field_trip,
          beast_lair_carwin_10
Lair:5:   minmay_lair_end_enchanted_forest, layout_regular_city, serial_bayou,
          serial_bayou_pond_d, serial_bayou_pond_d, serial_bayou_pond_d,
          serial_bayou_pond_e, serial_bayou_lagoon_b
Swamp:1:  layout_basic_swamp, nicolae_swamp_rocky_clearing, swamp_pool5
Swamp:2:  layout_falls_marsh, nicolae_swamp_tree_designs
Swamp:3:  layout_falls_marsh, evilmike_swamp_ruin_house_6
Swamp:4:  swamp_old_school, layout_basic_swamp
Spider:1: nicolae_spider_mines_3, ebering_ghost_disaster_area
Spider:2: layout_spider_delve, gammafunk_ghost_tricky_traps, drop_trap
Spider:3: lemuel_spider_zombies
Spider:4: johnstein_spider_rune_arachne_lair
Slime:1:  layout_caves, nicolae_slime_phagocytosis
Orc:1:    layout_caves, serial_shops, nicolae_diamond_shop,
          ebering_ghost_inner_flame, abandoned_shop
Orc:2:    grunt_orc_cross, layout_diamond_mine, mines5_lemuel
Elf:1:    layout_gridlike, serial_shops, shop, minmay_elf_sorcery, st_stairs_7,
          minmay_shop_star, grunt_megastairs_4, uniq_donald
Elf:2:    nicolae_elf_blades_crystal_corner, layout_loops_corners
Elf:3:    minmay_elf_hall_statues, layout_geoelf_grid, gammafunk_ghost_ooze,
          grunt_ministairs_10, minivault_5
Vaults:1: nicolae_vaults_specimen_jars, door_vault,
          nicolae_vaults_network_barrier, vaults_room_boxed, v_misc_12,
          vaults_room_grunt_arrival_ludios, hangedman_vaults_locks,
          ontoclasm_vaults_tryst, nicolae_vaults_angled_halls,
          nicolae_vaults_stairing_the_circle, vaults_room_pool,
          layout_vaults_omnibox, uniq_nikola
Vaults:2: serial_ice_h, v_rooms_2, grunt_vaults_twisty, vaults_mumra_hexcomb,
          vaults_mumra_minichess, vaults_dpeg_emergency_exit,
          layout_vaults_omnigrid, serial_shops, shop, shop,
          nicolae_shop_waterfront, uniq_aizul, uniq_asterion, uniq_zenata
Vaults:3: vaults_room_ringed_pool, nicolae_vaults_ninety_degrees,
          grunt_vaults_trifunnel, v_misc_8, minmay_crypt_entry_necro_gods,
          v_misc_26, v_misc_26, vaults_room_octagon, v_alt_pattern_2, st_lines,
          layout_vaults_maze_bifur, uniq_mennas, uniq_jory, uniq_margery
Vaults:4: v_rooms_1, hangedman_vaults_nodes, nicolae_vaults_twisting_passages,
          hangedman_vaults_corner, hangedman_vaults_river_flow,
          hangedman_vaults_stream, vaults_mumra_chevron_long, serial_ice_m,
          layout_vaults_ring, serial_shops, bzr_entry_water, uniq_mara
Crypt:1:  layout_misc_corridors
Crypt:2:  layout_chaotic_city
Crypt:3:  david_glass_crypt, layout_chaotic_city, tomb_entry_sphere_bobbens,
          minivault_24, minivault_26, hangedman_weighted_door,
          nicolae_danse_macabre, uniq_vv, uniq_josephina, uniq_sojobo
Tomb:1
Depths:1: layout_basic, enter_ziggurat_c, grunt_mini_vestibule,
          hangedman_eye_storm, minmay_shoptagon

Skill      XL: |  1  2  3  4  5  6  7  8  9 10 11 12 13 14 15 16 17 18 19 20 21 22 |
---------------+-------------------------------------------------------------------+-----
Spellcasting   | 2 |  2.1
Stealth        | 1 |  1.5
Polearms       | 3 |  3.2
Necromancy     | 1 3 4 |  4.4
Maces & Flails | 2 3 4 6 9 10 12 13 14 16 | 16.0
Evocations     | 5 10 13 15 16 17 | 17.7
Armour         | 1 4 5 7 10 11 13 15 16 17 | 17.3
Dodging        | 1 4 5 7 |  7.0
Shields        | 1 4 5 7 8 9 10 11 12 13 | 13.0
Fighting       | 7 8 10 12 13 14 15 16 | 16.8
Throwing       | 3 4 |  4.0
Fire Magic     | |  2.6

Action                     |  1- 3 |  4- 6 |  7- 9 | 10-12 | 13-15 | 16-18 | 19-21 | 22-24 || total
---------------------------+-------+-------+-------+-------+-------+-------+-------+-------++-------
  Melee: Spear             |   205 |    43 |       |       |       |       |       |       ||   248
         Punch             |     2 |     1 |       |     1 |       |       |       |       ||     4
         Shillelagh        |     6 |    66 |   185 |   306 |   919 |  1166 |   388 |     8 ||  3044
         Eveningstar       |       |       |       |       |       |   238 |   944 |    24 ||  1206
   Fire: Sling             |       |       |     6 |     2 |     1 |       |       |       ||     9
  Throw: Dart              |     3 |     1 |     1 |     4 |       |       |       |       ||     9
 Invoke: Fiery Armour      |     2 |       |     1 |     4 |     3 |     1 |       |     1 ||    12
  Evoke: Wand              |       |       |     5 |    21 |    22 |    14 |    14 |     1 ||    77
         Phial of floods   |       |       |       |     2 |     4 |     3 |     5 |       ||    14
         Condenser vane    |       |       |       |     1 |     2 |     4 |     9 |     1 ||    17
         Lightning rod     |       |       |       |       |    10 |     1 |    12 |       ||    23
    Use: Scroll            |     2 |     2 |     1 |     6 |    20 |    19 |     8 |     1 ||    59
   Stab: Sleeping          |     5 |     3 |       |       |       |       |       |       ||     8
         Confused          |       |       |       |     1 |       |     1 |       |       ||     2
         Invisible         |       |       |       |       |     3 |       |       |       ||     3
         Paralysed         |       |       |       |       |       |       |     1 |       ||     1
 Armour: Robe              |    41 |    18 |    29 |       |       |       |       |       ||    88
         Scale mail        |       |       |    32 |    62 |       |       |       |       ||    94
         Ice dragon scales |       |       |       |       |   152 |       |       |       ||   152
         Leather armour    |       |       |       |       |    11 |       |       |       ||    11
         Crystal plate arm |       |       |       |       |   129 |   945 |   961 |    55 ||  2090
  Dodge: Dodged            |    84 |    48 |    81 |   102 |   344 |   569 |   555 |    45 ||  1828
  Block: Buckler           |       |       |       |    21 |   129 |   310 |   196 |       ||   656
         Kite shield       |       |       |       |       |     7 |   123 |       |       ||   130
         Reflection        |       |       |       |       |       |     4 |     5 |       ||     9
         Tower shield      |       |       |       |       |       |       |   664 |    81 ||   745

Table legend: (Time is in decaauts)
 A = Elapsed time spent in this place.
 B = Non-inter-level travel time spent in this place.
 C = Inter-level travel time spent in this place.
 D = Time resting spent in this place.
 E = Time spent auto-exploring this place.
 F = Levels seen in this place.
 G = Mean time per level.
                   A        B        C        D        E       F      G
               +--------+--------+--------+--------+--------+-----+--------+
         Total |  48668 |  43789 |   4879 |   4101 |  29525 |  45 | 1081.5 |
       Dungeon |  16378 |  13958 |   2420 |    654 |  10886 |  15 | 1091.9 |
          Lair |   5888 |   5140 |    748 |    265 |   3850 |   5 | 1177.6 |
         Swamp |   3254 |   3015 |    239 |    393 |   1954 |   4 |  813.5 |
   Spider Nest |   5478 |   5012 |    466 |   1067 |   2698 |   4 | 1369.5 |
    Slime Pits |    381 |    381 |      0 |     74 |    118 |   1 |  381.0 |
  Orcish Mines |   1861 |   1561 |    300 |      2 |   1178 |   2 |  930.5 |
   Elven Halls |   4235 |   4055 |    180 |    627 |   2513 |   3 | 1411.7 |
        Vaults |   6511 |   6140 |    371 |    645 |   3890 |   4 | 1627.8 |
         Crypt |   2457 |   2307 |    150 |    216 |   1220 |   3 |  819.0 |
          Tomb |    447 |    447 |      0 |      6 |    136 |   1 |  447.0 |
        Depths |     70 |     70 |      0 |      5 |     32 |   1 |   70.0 |
         Sewer |    792 |    792 |      0 |      0 |    677 |   1 |  792.0 |
      Ice Cave |    910 |    910 |      0 |    146 |    372 |   1 |  910.0 |
               +--------+--------+--------+--------+--------+-----+--------+

Top non-repeatable levels by time:
   Elf:2: 2130 daAuts
    D:10: 1899 daAuts
    D:12: 1751 daAuts
  Lair:1: 1735 daAuts
Spider:4: 1682 daAuts
Vaults:1: 1660 daAuts
Vaults:2: 1659 daAuts
Vaults:3: 1658 daAuts
Vaults:4: 1534 daAuts
Spider:1: 1423 daAuts
Spider:3: 1359 daAuts
     D:9: 1251 daAuts
   Elf:1: 1182 daAuts
  Lair:5: 1174 daAuts
    D:13: 1168 daAuts
